 Dungeon Crawl Stone Soup version 0.19.4-8-ga85b6b9 (webtiles) character file.

222 HangedMan the Conjurer (level 5, 0/31 HPs)
             Began as a High Elf Wizard on Feb 7, 2017.
             Shot with an arrow by a centaur (8 damage)
             ... on level 3 of the Dungeon.
             The game lasted 00:10:44 (2824 turns).

HangedMan the Conjurer (High Elf Wizard)            Turns: 2824, Time: 00:10:45

Health: 0/31       AC:  2    Str:  6    XL:     5   Next: 66%
Magic:  3/11       EV: 12    Int: 22    God:
Gold:   132        SH:  0    Dex: 14    Spells: 5 memorised, 0 levels left

rFire  . . .     SeeInvis .     q - +0 spear
rCold  . . .     Gourm    .     a - +0 robe
rNeg   . . .     Faith    .     (no shield)
rPois  .         Spirit   .     b - +0 hat
rElec  .         Reflect  .     (no cloak)
rCorr  .         Harm     .     (no gloves)
MR     .....                    (no boots)
Stlth  +++.......               (no amulet)
                                (no ring)
                                s - ring of stealth

@: no status effects
A: no striking features
a: no special abilities


You were on level 3 of the Dungeon.
You were not hungry.

You visited 1 branch of the dungeon, and saw 3 of its levels.

You collected 132 gold pieces.

Inventory:

Hand Weapons
 q - a +0 spear (weapon)
Armour
 a - a +0 robe (worn)
 b - a +0 hat (worn)
 r - a +0 buckler
Jewellery
 s - a ring of stealth (left hand)
Wands
 n - a wand of paralysis (7/24)
Scrolls
 j - 7 scrolls of identify {unknown}
 o - 2 scrolls of teleportation {unknown}
 t - a scroll of fear {unknown}
Potions
 e - 2 potions of berserk rage {unknown}
 g - a potion of lignification {unknown}
 i - 2 potions of curing {unknown}
 l - a potion of heal wounds {unknown}
 m - 3 potions of flight {unknown}
Books
 c - a book of Minor Magic

   Spells                             Type                      Level
   a - Magic Dart                     Conjuration                  1
   b - Blink                          Translocation                2
   c - Call Imp                       Summoning                    2
   d - Repel Missiles                 Charms/Air                   2
   e - Slow                           Hexes                        2
   f - Conjure Flame                  Conjuration/Fire             3
   g - Mephitic Cloud                 Conjuration/Poison/Air       3
 p - a book of Misfortune

   Spells                             Type                      Level
   a - Confusing Touch                Hexes                        1
   b - Confuse                        Hexes                        3
   c - Gell's Gravitas                Hexes/Translocation          3
   d - Petrify                        Transmutation/Earth          4
   e - Metabolic Englaciation         Hexes/Ice                    5
   f - Yara's Violent Unravelling     Hexes/Transmutation          5
Comestibles
 d - 2 bread rations
 f - a beef jerky
 h - 2 meat rations
 k - a fruit
 u - 4 chunks of flesh


   Skills:
 - Level 2.1 Dodging
 - Level 2.1 Stealth
 - Level 3.6 Spellcasting
 + Level 6.3 Conjurations
   Level 0.8 Summonings
 - Level 1.1 Translocations


You couldn't memorise any spells.
You knew the following spells:

 Your Spells              Type           Power        Failure   Level  Hunger
a - Magic Dart            Conj           ####         1%          1    None
b - Blink                 Tloc           N/A          12%         2    ##.....
c - Conjure Flame         Conj/Fire      ###.....     12%         3    ###....
d - Mephitic Cloud        Conj/Pois/Air  ##......     14%         3    ###....
e - Repel Missiles        Chrm/Air       #.....       21%         2    ##.....


Dungeon Overview and Level Annotations

Branches:
Dungeon (3/15)

Altars:
Fedhas
Gozag
Qazlal
Ru
Zin

Annotations:
D:3 kasmir's ghost, amateur GrWn


Message History

You hit the centaur but do no damage.
The centaur is lightly wounded.
The goblin hits you with a club.
You strike the helpless centaur from behind!
You hit the centaur but do no damage.
The centaur is lightly wounded.
The goblin hits you with a club.
* * * LOW HITPOINT WARNING * * *
You hit the goblin.
You kill the goblin!
The centaur barely misses you.
You hit the centaur but do no damage.
The centaur is lightly wounded.
You hit the centaur.
The centaur is lightly wounded.
The centaur closely misses you.
The centaur mumbles something.
The centaur wields an uncursed shortbow.
The centaur shoots an arrow.
The arrow hits you!
You die...

### #.#...##...#
#......#####
#......######
#.........c.#
##.....####.#
#.....# #.#
###.### #.# #.#
#.# #.######@#
#........#######
########.......#
#.#####.# #.# #.#
####
#.#############...
#...............##
#################


You could see a centaur.

Vanquished Creatures
  Sigmund (D:3)
  3 adders
  2 worms (D:2)
  2 bats
  2 giant cockroaches
  10 hobgoblins
  6 kobolds
  2 quokkas
  2 ball pythons
  4 frilled lizards
  5 goblins
  A rat (D:2)
40 creatures vanquished.

Notes
Turn   | Place    | Note
-------+----------+-------------------------------------------
     0 | D:1      | HangedMan the High Elf Wizard began the quest for the Orb.
     0 | D:1      | Reached XP level 1. HP: 11/11 MP: 6/6
   252 | D:1      | Reached skill level 2 in Conjurations
   443 | D:1      | Reached XP level 2. HP: 17/17 MP: 1/7
   724 | D:2      | Reached skill level 3 in Conjurations
   805 | D:2      | Found a glowing silver altar of Zin.
   805 | D:2      | Found an opulent altar of Gozag.
   893 | D:2      | Reached XP level 3. HP: 21/21 MP: 7/9
   916 | D:2      | Found a blossoming altar of Fedhas.
   921 | D:2      | Learned a level 2 spell: Blink
   925 | D:2      | Learned a level 3 spell: Conjure Flame
   929 | D:2      | Learned a level 3 spell: Mephitic Cloud
  1018 | D:2      | Found a sacrificial altar of Ru.
  1531 | D:2      | Reached skill level 4 in Conjurations
  1625 | D:3      | Noticed Sigmund
  1968 | D:3      | Killed Sigmund
  1968 | D:3      | Reached skill level 6 in Conjurations
  1968 | D:3      | Reached XP level 4. HP: 27/27 MP: 2/10
  1968 | D:3      | Reached XP level 5. HP: 31/31 MP: 2/11
  1975 | D:3      | Learned a level 2 spell: Repel Missiles
  1981 | D:3      | Noticed kasmir's ghost (amateur GrWn)
  2539 | D:2      | Found a stormy altar of Qazlal.
  2793 | D:3      | Noticed a centaur
  2824 | D:3      | Shot with an arrow by a centaur

Skill      XL: |  1  2  3 |
---------------+----------+-----
Conjurations   | 2 3 6 |  6.3
Dodging        | |  2.1
Stealth        | |  2.1
Spellcasting   | |  3.6
Summonings     | |  0.8
Translocations | |  1.1

Action                   |  1- 3 |  4- 6 || total
-------------------------+-------+-------++-------
Melee: Unarmed           |    11 |       ||    11
       Spear             |    21 |    70 ||    91
 Cast: Magic Dart        |    77 |    21 ||    98
       Mephitic Cloud    |     4 |     1 ||     5
       Blink             |     1 |     1 ||     2
       Conjure Flame     |       |    10 ||    10
       Repel Missiles    |       |     1 ||     1
 Stab: Confused          |     3 |     1 ||     4
       Sleeping          |       |     1 ||     1
  Eat: Chunk             |     3 |       ||     3
       Bread ration      |       |     1 ||     1
Armor: Robe              |     7 |     2 ||     9
Dodge: Dodged            |    20 |    14 ||    34
       Deflected         |       |     1 ||     1
